 Dungeon Crawl Stone Soup version 0.22-a0-142-g91cc6d7 (webtiles) character file.

42 KristoblXynda the Slasher (level 3, -2/32 HPs)
             Began as a Naga Gladiator on Feb 5, 2018.
             Was an Initiate of Gozag.
             Killed by divine providence
             ... invoked by an orc priest
              (17 damage)
             ... on level 3 of the Dungeon.
             The game lasted 00:02:28 (1715 turns).

KristoblXynda the Slasher (Naga Gladiator)          Turns: 1715, Time: 00:02:29

Health: -2/32      AC:  4    Str: 16    XL:     3   Next: 54%
Magic:  3/3        EV: 12    Int:  9    God:    Gozag
Gold:   72         SH:  0    Dex: 12    Spells: 2/2 levels left

rFire    + . .     SeeInvis +   a - +0 long sword
rCold    . . .     Gourm    .   (no shield)
rNeg     . . .     Faith    .   o - +0 ring mail
rPois    +         Spirit   .   c - +0 helmet
rElec    .         Reflect  .   (no cloak)
rCorr    .         Harm     .   (no gloves)
MR       .....                  (no barding)
Stlth    +.........             (no amulet)
HPRegen  0.10/turn              j - +3 ring of evasion
MPRegen  0.08/turn              l - ring of protection from fire

@: short of breath, gold aura, very slow
A: large, see invisible, deformed body, poison resistance, slowness 2, slow
metabolism 1, spit poison 1, AC +1
a: Spit Poison, Potion Petition, Call Merchant, Bribe Branch, Renounce Religion


You were on level 3 of the Dungeon.
You worshipped Gozag.
Gozag was noncommittal.
You were not hungry.

You visited 1 branch of the dungeon, and saw 3 of its levels.

You collected 80 gold pieces.
You paid 8 gold pieces to Gozag.

Inventory:

Hand Weapons
 a - a +0 long sword (weapon)
Missiles
 d - 3 throwing nets (quivered)
Armour
 c - a +0 helmet (worn)
 o - a +0 ring mail (worn)
Jewellery
 j - a +3 ring of evasion (left hand)
 l - a ring of protection from fire (right hand)
Scrolls
 g - a scroll of teleportation {unknown}
 h - a scroll of amnesia {unknown}
 k - a scroll of remove curse {unknown}
 m - a scroll of enchant weapon {unknown}
 n - 2 scrolls of identify {unknown}
Potions
 b - a potion of lignification {unknown}
 e - a potion of haste {unknown}
 i - a potion of curing {unknown}
 p - a potion of agility {unknown}
Comestibles
 f - 2 rations


   Skills:
 - Level 2.0 Fighting
 * Level 3.7 Long Blades
 - Level 2.0 Throwing
 + Level 2.8 Dodging
 + Level 1.7 Stealth


You had 2 spell levels left.
You didn't know any spells.

Dungeon Overview and Level Annotations

Branches:
Dungeon (3/15)

Altars:
Elyvilon
Gozag
Hepliaklqana
Nemelex Xobeh
Okawaru
Xom


Innate Abilities, Weirdness & Mutations

You cannot wear boots.
Your serpentine skin is tough. (AC +1)
You have supernaturally acute eyesight. (SInv)
Armour fits poorly on your strangely shaped body.
Your system is resistant to poisons. (rPois)
You cover ground very slowly.
You have a slow metabolism.
You can spit poison.


Message History

Found a sparkling altar of Nemelex Xobeh.
An orc priest comes into view. It is wielding a club.
The orc priest shouts!
The orc priest invokes the aid of Beogh against you.
Beogh smites you!
The orc priest moves out of view.
An orc priest comes into view. It is wielding a short sword.
You closely miss the kobold.
The orc wizard casts a spell.
The orc wizard blinks!
The kobold hits you with a dagger.
You slash the kobold!
You kill the kobold!
Press: ? - help, Shift-Dir - straight line, f - orc priest
Aim: an orc priest, wielding a club and wearing a chain mail The splash of poison misses the orc priest.
You feel slightly more hungry.
The orc priest invokes the aid of Beogh against you.
Beogh smites you!
Ouch! That really hurt!
You die...
Your body crumbles into a pile of gold.

......).............
.####...........###.
.# #####...##### $
.. #.......# ##.
#.......## .#
#........## #
#......(..##
#.....o....#
#.......K#@#
#........#$#.##..
..........o.....#
#####.###.#........
#. ...#..⌠.⌠#.#
#o....)..._...
#.######.⌠.⌠..# #
.#....# .####.#


You could see an orc priest and an orc wizard.

Vanquished Creatures
  2 adders (D:2)
  A worm (D:3)
  A leopard gecko (D:1)
  A giant cockroach (D:1)
  2 hobgoblins
  5 kobolds
  5 bats
  A frilled lizard (D:1)
  4 rats
22 creatures vanquished.

Vanquished Creatures (others)
  4 toadstools (D:1)
4 creatures vanquished.

Grand Total: 26 creatures vanquished

Notes
Turn   | Place    | Note
-------+----------+-------------------------------------------
     0 | D:1      | KristoblXynda the Naga Gladiator began the quest for the Orb.
     0 | D:1      | Reached XP level 1. HP: 19/19 MP: 1/1
   576 | D:1      | Reached XP level 2. HP: 23/26 MP: 2/2
  1138 | D:2      | Found an opulent altar of Gozag.
  1140 | D:2      | Found a white marble altar of Elyvilon.
  1141 | D:2      | Found a hazy altar of Hepliaklqana.
  1141 | D:2      | Found a shimmering altar of Xom.
  1141 | D:2      | Found an iron altar of Okawaru.
  1149 | D:2      | Became a worshipper of Gozag Ym Sagoz the Greedy
  1166 | D:2      | Reached skill level 1 in Stealth
  1166 | D:2      | Reached XP level 3. HP: 17/32 MP: 3/3
  1709 | D:3      | Found a sparkling altar of Nemelex Xobeh.
  1715 | D:3      | Killed from afar by an orc priest

Vault maps used:
D:1:      ldierk_walled_garden_2, minmay_crystal_room, minmay_misc_feat_square
D:2:      grunt_temple_overflow_open, minmay_misc_feat_doors
D:3:      nemelex_xobeh_ov_fountains_minmay, minmay_misc_feat_ornament,
          uniq_jessica

Skill      XL: |  1  2 |
---------------+-------+-----
Throwing       | 2 |  2.0
Stealth        | 1 |  1.7
Fighting       | |  2.0
Long Blades    | |  3.7
Dodging        | |  2.8

Action                   || total
-------------------------++-------
Melee: Long sword        ||    58
 Abil: Spit Poison       ||     2
  Eat: Ration            ||     1
Armor: Leather armour    ||     9
       Ring mail         ||     9
Dodge: Dodged            ||    54
       Rpst.: Long sword ||    24

Table legend:
 A = Spawn XP
 B = Non-spawn XP
 C = Spawn XP percentage of total XP
 D = Spawn monster count
 E = Non-spawn monster count
 F = Spawn count percentage of total count
 G = Total turns spent on level
                    A         B        C        D         E        F      G
               +---------+---------+-------+---------+---------+-------+---------
         Total |       0 |      60 |   0.0 |       0 |      22 |   0.0 |  1715
               +---------+---------+-------+---------+---------+-------+---------
           D:1 |       0 |      20 |   0.0 |       0 |      13 |   0.0 |  1069
           D:2 |       0 |      29 |   0.0 |       0 |       4 |   0.0 |   597
           D:3 |       0 |      11 |   0.0 |       0 |       5 |   0.0 |    49
               +---------+---------+-------+---------+---------+-------+---------
